 Dungeon Crawl Stone Soup version 0.19-a0-1740-g0bcaf2e (webtiles) character file.

33349 hairmachine the Grappler (level 13, -2/119 HPs)
             Began as a Ghoul Monk on Oct 1, 2016.
             Was a High Priest of Kikubaaqudgha.
             Slain by a death yak (19 damage)
             ... on level 6 of the Lair of Beasts.
             The game lasted 01:37:00 (18412 turns).

hairmachine the Grappler (Ghoul Monk)              Turns: 18412, Time: 01:37:01

Health: -2/119     AC: 18    Str: 18    XL:     13   Next: 70%
Magic:  8/12       EV: 16    Int:  6    God:    Kikubaaqudgha [*****.]
Gold:   923        SH:  3    Dex: 17    Spells: 3 memorised, 4 levels left

rFire  + . .     SeeInvis .       - Unarmed
rCold  + + .     Gourm    .     Q - +2 ring mail of the Other Side {Str+2}
rNeg   + + +     Faith    .     (no shield)
rPois  ∞         Spirit   .     F - +0 helmet
rElec  .         Dismiss  .     j - +2 cloak
rCorr  .         Reflect  +     L - +2 pair of gloves
MR     .....     Harm     .     i - +1 pair of boots
Stlth  ++........               w - +3 amulet of reflection
                                s - ring of protection from cold
                                D - ring "Izarhoma" {rF+ Dex+3}

@: very slightly contaminated, rotting, hasted, very quick
A: rotting body, claws 1, carnivore 3, cold resistance 1, negative energy
resistance 3, slow regeneration 1, torment resistance, unbreathing
a: Receive Corpses, Torment, Renounce Religion


You were on level 6 of the Lair of Beasts.
You worshipped Kikubaaqudgha.
Kikubaaqudgha was extremely pleased with you.
You were not hungry.

You visited 3 branches of the dungeon, and saw 17 of its levels.
You also visited: Sewer.

You collected 923 gold pieces.

Inventory:

Hand Weapons
 a - a +0 hand crossbow
Missiles
 f - 418 stones
 z - 12 tomahawks
 G - 3 throwing nets
 K - 16 bolts
Armour
 i - a +1 pair of boots (worn)
 j - a +2 cloak (worn)
 F - a +0 helmet (worn)
 L - a +2 pair of gloves (worn)
 Q - the +2 ring mail of the Other Side (worn) {Str+2}
   (You found it on level 8 of the Dungeon)

   It affects your strength (+2).
Jewellery
 s - a ring of protection from cold (right hand)
 w - a +3 amulet of reflection (around neck)
 D - the ring "Izarhoma" (left hand) {rF+ Dex+3}
   (You found it on level 8 of the Dungeon)

   [ring of protection from fire]

   It affects your dexterity (+3).
   It protects you from fire.
Wands
 c - a wand of digging (10/24)
 p - a wand of teleportation (3/9)
 q - a wand of iceblast (2/15)
 B - a wand of confusion (13/48)
Scrolls
 g - 3 scrolls of identify
 h - 2 scrolls of amnesia
 l - a scroll of brand weapon
 n - 7 scrolls of remove curse
 t - a scroll of fog
 u - 9 scrolls of enchant armour
 v - a scroll of enchant weapon
 y - a scroll of immolation
 A - a scroll of teleportation
 R - 2 scrolls of fear {unknown}
 V - a scroll of magic mapping (quivered)
Potions
 k - 3 potions of lignification
 o - 2 potions of flight
 r - 2 potions of curing
 x - a potion of brilliance
Books
 C - a book of Cantrips

   Spells                             Type                      Level
   a - Confusing Touch                Hexes                        1
   b - Animate Skeleton               Necromancy                   1
   c - Summon Small Mammal            Summoning                    1
   d - Apportation                    Translocation                1
 E - Kikubaaqudgha's Volume of Stolen Souls
   (Kikubaaqudgha gifted it to you in the Ecumenical Temple)

   Spells                             Type                      Level
   a - Animate Skeleton               Necromancy                   1
   b - Pain                           Necromancy                   1
   c - Corpse Rot                     Necromancy                   2
   d - Regeneration                   Charms/Necromancy            3
   e - Control Undead                 Necromancy                   4
 H - a book of Necromancy

   Spells                             Type                      Level
   a - Pain                           Necromancy                   1
   b - Animate Skeleton               Necromancy                   1
   c - Vampiric Draining              Necromancy                   3
   d - Regeneration                   Charms/Necromancy            3
   e - Animate Dead                   Necromancy                   4
   f - Control Undead                 Necromancy                   4
 P - Kikubaaqudgha's Disquisition on Darkness
   (Kikubaaqudgha gifted it to you on level 8 of the Dungeon)

   Spells                             Type                      Level
   a - Animate Dead                   Necromancy                   4
   b - Excruciating Wounds            Charms/Necromancy            5
   c - Bolt of Draining               Conjuration/Necromancy       5
   d - Agony                          Necromancy                   5
   e - Dispel Undead                  Necromancy                   5
 X - Lamourot's Reference Book on Arcane Weapons and the Oath
   (You found it on level 5 of the Lair of Beasts)

   Spells                             Type                      Level
   a - Searing Ray                    Conjuration                  2
   b - Summon Mana Viper              Hexes/Summoning              5
   c - Poisonous Cloud                Conjuration/Poison/Air       6
   d - Orb of Destruction             Conjuration                  7
 Z - a book of Flames

   Spells                             Type                      Level
   a - Flame Tongue                   Conjuration/Fire             1
   b - Throw Flame                    Conjuration/Fire             2
   c - Conjure Flame                  Conjuration/Fire             3
   d - Inner Flame                    Hexes/Fire                   3
   e - Sticky Flame                   Conjuration/Fire             4
   f - Fireball                       Conjuration/Fire             5
Comestibles
 b - 9 meat rations
 d - 2 beef jerkies
 m - a royal jelly
 I - a slice of pizza
 M - 3 chunks of flesh


   Skills:
 + Level 12.7 Fighting
 - Level 7.0 Crossbows
 - Level 5.8 Armour
 - Level 8.3 Dodging
 - Level 2.1 Stealth
 + Level 12.9 Unarmed Combat
 - Level 4.5 Charms
 + Level 8.5 Necromancy


You had 4 spell levels left.
You knew the following spells:

 Your Spells              Type           Power        Failure   Level  Hunger
a - Animate Skeleton      Necr           N/A          2%          1    ##.....
b - Regeneration          Chrm/Necr      #.........   17%         3    ####...
c - Animate Dead          Necr           N/A          24%         4    #####..


Dungeon Overview and Level Annotations

Branches:
Dungeon (10/15)            Temple (1/1) D:6            Lair (6/6) D:8
 Shoals (0/4) Lair:2       Spider (0/4) Lair:2        Slime (0/5) Lair:5
    Orc: D:9-12

Altars:
Cheibriados
Dithmenos
Elyvilon
Fedhas
Gozag
Hepliaklqana
Kikubaaqudgha
Makhleb
Nemelex Xobeh
Okawaru
Qazlal
Ru
Sif Muna
Trog
Uskayaw
Vehumet
Xom
Yredelemnul
Zin
The Shining One

Shops:
D:5 =   D:6 (

Annotations:
D:3 Grinder
D:4 exclusion: statue, Dowan, Duvessa


Innate Abilities, Weirdness & Mutations

Your body is rotting away.
You thrive on raw meat.
You are immune to poison.
You have sharp fingernails.
You are carnivorous and can eat meat at any time.
Your flesh is cold resistant. (rC+)
You are immune to negative energy. (rN+++)
You regenerate slowly when monsters are visible.
You are immune to unholy pain and torment.
You can survive without breathing.


Message History

The death yak is lightly wounded.
The death yak gores you but does no damage.
You punch the death yak!
The death yak is moderately wounded.
You punch the death yak!
The death yak is heavily wounded.
The death yak gores you but does no damage.
You hit the death yak but do no damage.
You punch the death yak, but do no damage.
The death yak is heavily wounded.
You hit the death yak.
The death yak is severely wounded.
The death yak gores you!!
* * * LOW HITPOINT WARNING * * *
You feel better. The death yak gores you.
* * * LOW HITPOINT WARNING * * *
You feel better.
You feel better. The death yak gores you!!
You die...
Kikubaaqudgha rasps: "You have failed me!
Welcome... oblivion!"

.P≈≈≈.####.P####P...###...### ##
.≈P≈...#.#...###.........#.P#
≈≈≈............................
≈..P...........................#
................................
...............................#
......#..#......P...#..#.#P#...#
.......##....#.###....########.#
+#P.....#P..####@#..###.#P.##..##
##P...##....####Y....#......P..#
##..........###...##......P...#
#....#...........##.....P.P.##
#.........Z...#...##.....##.#
...P.#....Y#..P...###..#.##.#
...###......#....#.#.#..##..##
#...# #..Y#####.......#.......#
......###+.##P#................#


You could see a death yak.

Vanquished Creatures
  A dire elephant (Lair:6)
  5 hydras
  4 death yaks
  A wizard (Lair:6)
  12 black mambas
  A torpor snail (Lair:4)
  3 spiny frogs
  3 komodo dragons
  4 rime drakes
  A troll (D:9)
  A polar bear (Lair:5)
  10 hippogriffs
  The ghost of azzavlup the Ruffian, an amateur DrTm (D:4)
  Prince Ribbit (D:7)
  7 blink frogs
  Sigmund (D:2)
  8 spriggans (Lair:2)
  Eustachio (D:5)
  A tarantella (Lair:2)
  3 wyverns
  20 yaks
  A hungry ghost (D:7)
  3 vampire mosquitoes (Lair:6)
  Menkaure (D:6)
  3 insubstantial wisps (Lair:6)
  6 water moccasins
  4 porcupines
  A sky beast (D:9)
  2 orc warriors
  2 black bears
  3 ice beasts
  4 wolves
  6 ogres
  A phantom (D:10)
  4 centaurs
  9 crocodiles
  A big kobold (Sewer)
  Blork the orc (D:5)
  9 bullfrogs
  10 killer bees (D:8)
  6 wights
  A howler monkey (D:10)
  2 hounds
  8 jellies
  A centaur zombie (D:9)
  Crazy Yiuf (D:5)
  An orc priest (D:7)
  10 orc wizards
  7 worker ants
  10 iguanas
  Natasha (D:2)
  A worker ant zombie (D:9)
  15 adders
  4 gnolls
  15 river rats
  3 oozes
  An adder zombie (D:6)
  An adder skeleton (D:8)
  3 worms
  5 dart slugs
  7 leopard geckos
  37 orcs
  3 ball pythons
  8 bats
  8 giant cockroaches
  8 hobgoblins
  9 jackals
  19 kobolds
  8 quokkas
  11 frilled lizards
  11 goblins
  A jackal skeleton (D:4)
  A quokka skeleton (D:4)
  13 rats
400 creatures vanquished.

Vanquished Creatures (collateral kills)
  2 hydras
  A black mamba (Lair:6)
  A torpor snail (Lair:5)
  A spiny frog (Lair:5)
  A rime drake (Lair:4)
  A komodo dragon (Lair:6)
  4 blink frogs
  2 dream sheep (Lair:5)
  2 yaks
  A vampire mosquito (Lair:6)
  A basilisk (Lair:5)
  5 water moccasins
  2 porcupines
  A swamp drake (Lair:6)
  2 wolves (Lair:4)
  4 crocodiles
  3 bullfrogs
  2 wights (D:9)
  A hound (D:8)
  A jelly (D:9)
  An iguana (Lair:5)
  3 river rats (Lair:1)
  An adder (D:8)
43 creatures vanquished.

Vanquished Creatures (others)
  A bush (Lair:6)
  7 fungi
  19 plants
27 creatures vanquished.

Grand Total: 470 creatures vanquished

Notes
Turn   | Place    | Note
-------+----------+-------------------------------------------
     0 | D:1      | hairmachine the Ghoul Monk began the quest for the Orb.
     0 | D:1      | Reached XP level 1. HP: 19/19 MP: 0/0
   208 | D:1      | Reached XP level 2. HP: 26/26 MP: 1/1
   556 | D:1      | Reached XP level 3. HP: 31/31 MP: 2/2
  1037 | D:2      | Reached skill level 5 in Unarmed Combat
  1196 | D:2      | Reached XP level 4. HP: 18/37 MP: 3/3
  1495 | D:2      | Noticed Natasha
  1622 | D:2      | Noticed Sigmund
  1870 | D:2      | Killed Natasha
  1870 | D:2      | Reached XP level 5. HP: 32/45 MP: 4/4
  2363 | D:2      | Killed Sigmund
  2363 | D:2      | Reached XP level 6. HP: 44/53 MP: 5/5
  2955 | D:3      | Noticed Grinder
  3830 | D:4      | Noticed Duvessa
  3830 | D:4      | Noticed Dowan
  3890 | D:3      | Reached skill level 5 in Fighting
  4077 | D:4      | Reached XP level 7. HP: 56/61 MP: 6/6
  4159 | D:4      | Noticed azzavlup's ghost (amateur DrTm)
  4347 | D:4      | Found a radiant altar of Vehumet.
  4380 | D:4      | Killed azzavlup's ghost
  5000 | D:5      | Entered Level 5 of the Dungeon
  5015 | D:5      | Noticed Blork the orc
  5039 | D:5      | Killed Blork the orc
  5039 | D:5      | Reached XP level 8. HP: 60/71 MP: 7/7
  5057 | D:5      | Reached skill level 1 in Armour
  5190 | D:5      | Found a sparkling altar of Nemelex Xobeh.
  5192 | D:5      | Found an opulent altar of Gozag.
  5236 | D:5      | Found a glowing drain.
  5286 | Sewer    | Entered a sewer
  6048 | D:5      | Found a runed door.
  6106 | D:5      | Noticed Crazy Yiuf
  6112 | D:5      | Killed Crazy Yiuf
  6499 | D:5      | Found Oheahol's Jewellery Emporium.
  6659 | D:5      | Noticed Eustachio
  6766 | D:5      | Killed Eustachio
  7069 | D:6      | Reached XP level 9. HP: 75/79 MP: 8/8
  7252 | D:6      | Reached skill level 5 in Armour
  7314 | D:6      | Noticed Menkaure
  7318 | D:6      | Killed Menkaure
  7383 | D:6      | Found a blossoming altar of Fedhas.
  7383 | D:6      | Found a white marble altar of Elyvilon.
  7611 | D:6      | Found Fagiaczu's Antique Weapon Shop.
  7640 | D:6      | Found a staircase to the Ecumenical Temple.
  7654 | Temple   | Entered the Ecumenical Temple
  7669 | Temple   | Became a worshipper of Kikubaaqudgha
  7669 | Temple   | Reached * piety under Kikubaaqudgha
  7669 | Temple   | Identified Kikubaaqudgha's Volume of Stolen Souls (Kikubaaqudgha gifted it to you in the Ecumenical Temple)
  7669 | Temple   | Received a gift from Kikubaaqudgha
  7669 | Temple   | Reached ** piety under Kikubaaqudgha
  7678 | Temple   | Learned a level 1 spell: Animate Skeleton
  7890 | D:7      | Reached skill level 1 in Necromancy
  8275 | D:7      | Noticed Prince Ribbit
  8342 | D:7      | Killed Prince Ribbit
  8342 | D:7      | Reached XP level 10. HP: 72/91 MP: 9/9
  8594 | D:7      | Reached skill level 10 in Unarmed Combat
  9412 | D:8      | Got a fine lead ring
  9416 | D:8      | Identified the ring "Izarhoma" {rF+ Dex+3} (You found it on level 8 of the Dungeon)
  9442 | D:8      | Found a staircase to the Lair.
  9460 | Lair:1   | Entered Level 1 of the Lair of Beasts
  9487 | Lair:1   | Noticed a black mamba
  9509 | Lair:1   | Killed a black mamba
  9540 | Lair:1   | Noticed a spiny frog
  9728 | Lair:1   | Killed a spiny frog
  9888 | Lair:1   | Reached skill level 5 in Dodging
  9888 | Lair:1   | Reached skill level 5 in Necromancy
 10825 | Lair:1   | Learned a level 3 spell: Regeneration
 10938 | Lair:2   | Reached XP level 11. HP: 57/97 MP: 10/10
 10972 | Lair:2   | Noticed a seven-headed hydra
 11236 | D:8      | Reached skill level 1 in Crossbows
 11430 | D:8      | Reached *** piety under Kikubaaqudgha
 11430 | D:8      | Identified Kikubaaqudgha's Disquisition on Darkness (Kikubaaqudgha gifted it to you on level 8 of the Dungeon)
 11430 | D:8      | Received a gift from Kikubaaqudgha
 11521 | D:8      | Got a crude ring mail
 11522 | D:8      | Identified the +2 ring mail of the Other Side {Str+2} (You found it on level 8 of the Dungeon)
 12080 | D:9      | Found a hazy altar of Hepliaklqana.
 12454 | D:9      | Got a faintly humming robe
 12455 | D:9      | Identified the +1 robe "Jofaumy" {Dex+5 Stlth+} (You found it on level 9 of the Dungeon)
 12469 | D:10     | Entered Level 10 of the Dungeon
 12469 | D:10     | Noticed a hill giant
 13276 | Lair:2   | Found a hole to the Spider Nest.
 13334 | Lair:2   | Reached skill level 5 in Crossbows
 13398 | Lair:2   | Found a staircase to the Shoals.
 13465 | Lair:2   | Killed a seven-headed hydra
 14147 | Lair:3   | Reached XP level 12. HP: 60/103 MP: 11/11
 14426 | Lair:3   | Noticed a seven-headed hydra
 14481 | Lair:3   | Killed a seven-headed hydra
 14666 | Lair:3   | Reached **** piety under Kikubaaqudgha
 14903 | Lair:3   | Got a faintly glowing hand crossbow
 14904 | Lair:3   | Identified the cursed +0 hand crossbow of Hifank {venom, rPois Str-3 Dex+4} (You found it on level 3 of the Lair of Beasts)
 15069 | Lair:4   | Reached skill level 10 in Fighting
 15205 | Lair:4   | Reached skill level 1 in Charms
 15455 | Lair:4   | Noticed a seven-headed hydra
 15463 | Lair:4   | Killed a seven-headed hydra
 15649 | Lair:4   | Noticed a death yak
 15652 | Lair:4   | Noticed a death yak
 15683 | Lair:4   | Killed a death yak
 15694 | Lair:4   | Killed a death yak
 16371 | Lair:5   | Found a staircase to the Slime Pits.
 16514 | Lair:5   | Reached ***** piety under Kikubaaqudgha
 16524 | Lair:5   | Reached XP level 13. HP: 94/117 MP: 12/12
 16686 | Lair:5   | Identified Lamourot's Reference Book on Arcane Weapons and the Oath
 16816 | Lair:5   | Got a vibrating platinum ring
 16818 | Lair:5   | Identified the ring of Plog {rF- Str+6 Dex+4 Stlth+} (You found it on level 5 of the Lair of Beasts)
 17278 | Lair:6   | Entered Level 6 of the Lair of Beasts
 17761 | Lair:6   | Noticed a dire elephant
 17917 | Lair:6   | Killed a dire elephant
 18293 | Lair:6   | Learned a level 4 spell: Animate Dead
 18410 | Lair:6   | HP: 5/119 [death yak (6)]
 18412 | Lair:6   | Slain by a death yak

Vault maps used:
D:1:      lightli_arrival_quake, minivault_25
D:2:      uniq_natasha, uniq_sigmund
D:3:      first_bread, minmay_misc_feat_hallway, uniq_grinder
D:4:      vehumet_statue, minmay_goblin_outpost, uniq_duvessa
D:5:      nicolae_overflow_hidden_temple, portal_sewer_entry_b, serial_shops,
          nicolae_shop_statue_plus, uniq_eustachio, uniq_blork_the_orc,
          uniq_crazy_yiuf_cottage
D:6:      gammafunk_temple_overflow_statue, serial_shops, nicolae_shop_stone,
          uniq_menkaure
D:7:      uniq_prince_ribbit1
D:8:      lair_0_dummy, nrook_mini_vaults
D:9:      kennysheep_mini_moat
D:10:     grunt_livestock
Temple:   eino_temple_lava
Lair:1:   grunt_forest_small_clearings, beast_lair_carwin_2
Lair:2:   kb_forest_paths, shoals_dummy_entry, spider_nest_entry_rubble,
          serial_forest, infiniplex_forest_lined_room_2,
          infiniplex_forest_straight_1, infiniplex_forest_straight_2,
          infiniplex_forest_side_room, infiniplex_forest_clump_long,
          infiniplex_forest_3_way, infiniplex_forest_clump_tiny,
          lab_entry_generic
Lair:3:   minmay_holes
Lair:4:   beast_lair_carwin_large_2
Lair:5:   minmay_slime_entry_pillars, grunt_megastairs_2
Lair:6:   evil_forest, pond
Sewer:    kennysheep_pipe_town

Skill      XL: |  1  2  3  4  5  6  7  8  9 10 11 12 13 |
---------------+----------------------------------------+-----
Unarmed Combat | 4 5 6 7 8 9 11 12 | 12.9
Fighting       | 4 5 6 7 9 11 12 | 12.7
Armour         | 4 5 |  5.8
Necromancy     | 3 6 8 |  8.5
Dodging        | 3 5 8 |  8.3
Crossbows      | 6 7 |  7.0
Charms         | 4 |  4.5
Stealth        | |  2.1

Action                   |  1- 3 |  4- 6 |  7- 9 | 10-12 | 13-15 || total
-------------------------+-------+-------+-------+-------+-------++-------
Melee: Unarmed           |    99 |   165 |   455 |   765 |   204 ||  1688
       Punch             |     1 |     3 |    13 |    40 |    14 ||    71
 Fire: Hand crossbow     |       |       |       |    95 |    41 ||   136
Throw: Stone             |       |     6 |    30 |     1 |       ||    37
 Cast: Animate Skeleton  |       |       |       |    49 |    21 ||    70
       Regeneration      |       |       |       |       |     1 ||     1
Invok: Receive Corpses   |       |       |       |     1 |       ||     1
Evoke: Wand              |       |       |       |    14 |    19 ||    33
  Use: Scroll            |       |     5 |     4 |    15 |     8 ||    32
       Potion            |       |     3 |     6 |     9 |    10 ||    28
 Stab: Distracted        |     1 |       |       |     8 |     4 ||    13
       Sleeping          |     1 |     1 |       |     2 |     1 ||     5
       Invisible         |       |       |       |     3 |       ||     3
  Eat: Chunk             |    10 |    20 |    46 |    73 |    31 ||   180
       Beef jerky        |       |       |       |     1 |       ||     1
Armor: Robe              |    20 |     7 |       |       |       ||    27
       Leather armour    |       |    19 |    20 |       |       ||    39
       Chain mail        |       |       |   165 |       |       ||   165
       Plate armour      |       |       |    48 |    18 |       ||    66
       Ring mail         |       |       |       |   208 |   112 ||   320
Dodge: Dodged            |    63 |    71 |   128 |   472 |   164 ||   898
Block: Other             |       |     9 |    44 |    72 |    27 ||   152
       Reflection        |       |       |     1 |       |       ||     1
